 Dungeon Crawl Stone Soup version 0.30-a0-799-g109b55a442 (webtiles) character file.

Game seed: 6547094697898803227

11448 hikkokomori the Fighter (level 11, 0/106 HPs)
             Began as a Gargoyle Reaver on Feb 20, 2023.
             Was a Priest of Vehumet.
             Slain by a fire elemental (18 damage)
             ... in a volcano.
             The game lasted 00:33:19 (9982 turns).

hikkokomori the Fighter (Gargoyle Reaver)           Turns: 9982, Time: 00:33:20

Health: 0/106      AC: 18    Str: 13    XL:     11   Next: 77%
Magic:  19/19      EV: 11    Int: 24    God:    Vehumet [***...]
Gold:   723        SH:  0    Dex:  8    Spells: 11/21 levels left

rFire   x x .      SeeInvis .    J - +8 spear of Compulsion {elec, rPois rF- rN+ Will+}
rCold   + . .      Faith    .    (no shield)
rNeg    + + .      Spirit   .    N - +0 steam dragon scales
rPois   ∞          Reflect  .    p - +1 hat
rElec   +          Harm     .    (no cloak)
rCorr   .          Rampage  .    (no gloves)
Will    +....                    (no boots) Stlth
                                 (no amulet)
HPRegen 0.37/turn                o - ring of Micilohimu {Ice Fly rElec Str-2 Int+5}
MPRegen 0.16/turn                b - +4 ring of protection

@: berserking, silenced, flying, very quick
A: sickness immunity, AC +8, negative energy resistance 1, electricity
resistance, torment resistance 1, petrification resistance
a: Renounce Religion


You were in a volcano.
You worshipped Vehumet.
Vehumet was most pleased with you.
You visited 3 branches of the dungeon, and saw 12 of its levels.
You also visited: Volcano.

You collected 1339 gold pieces.
You spent 616 gold pieces at shops.

Inventory:

Hand Weapons
 a - a +0 mace
 n - a +2 whip of flaming
 t - a +2 whip of venom
 y - a +0 antimagic trident
 F - a +1 flail of draining
 J - the +8 spear of Compulsion (weapon) {elec, rPois rF- rN+ Will+}
   (You found it on level 6 of the Dungeon)

   rF:        It makes you vulnerable to fire.
   rPois:     It protects you from poison.
   rN:        It protects you from negative energy.
   Will:      It increases your willpower.
Missiles
 d - 4 throwing nets
Armour
 p - a +1 hat (worn)
 u - a +0 helmet
 N - +0 steam dragon scales (worn)
Jewellery
 b - a +4 ring of protection (right hand)
 j - a ring of protection from cold
 o - the ring of Micilohimu (left hand) {Ice Fly rElec Str-2 Int+5}
   (You bought it in a shop on level 4 of the Dungeon)

   [ring of ice]

   It enhances your ice magic.
   Str:       It affects your strength (-2).
   Int:       It affects your intelligence (+5).
   rF:        It makes you vulnerable to fire.
   rC:        It protects you from cold.
   rElec:     It insulates you from electricity.
   Fly:       It grants you flight.
 v - a +6 ring of dexterity
 x - a ring of positive energy
 A - an amulet of guardian spirit
Wands
 e - a wand of flame (33) (quivered)
 h - a wand of roots (6)
 w - a wand of polymorph (4)
 B - a wand of mindburst (12)
 K - a wand of charming (12)
 O - a wand of quicksilver (2)
Scrolls
 c - 3 scrolls of teleportation
 i - a scroll of summoning
 q - a scroll of blinking {unknown}
 r - a scroll of magic mapping
 E - 2 scrolls of fog
 I - a scroll of noise {unknown}
 L - a scroll of enchant weapon
 M - a scroll of torment {unknown}
 Q - a scroll of poison
Potions
 f - 3 potions of mutation
 g - a potion of might
 k - 2 potions of heal wounds
 l - 5 potions of curing
 s - a potion of resistance {unknown}
 z - a potion of ambrosia {unknown}
 C - 2 potions of attraction {unknown}
 D - 2 potions of brilliance
 G - a potion of invisibility {unknown}
 H - a potion of haste


   Skills:
 + Level 9.0 Fighting
 - Level 5.8 Maces & Flails
 + Level 5.4 Polearms
 - Level 0.9 Armour
 - Level 1.6 Dodging
 - Level 8.0 Stealth
 + Level 5.9 Spellcasting
 - Level 7.5 Conjurations
 - Level 2.9 Translocations
 + Level 7.1 Ice Magic
 + Level 4.7 Evocations


You had 11 spell levels left.
You knew the following spells:

 Your Spells              Type           Power      Damage    Failure   Level
a - Kiss of Death         Conj/Necr      100%       2d13      1%          1
b - Momentum Strike       Conj/Tloc      64%        3d9       1%          2
c - Hailstorm             Conj/Ice       59%        3d13      1%          3
d - Sandblast             Erth           14%        2d6       2%          1
e - Mephitic Cloud        Conj/Pois/Air  19%        N/A       2%          3

Your spell library contained the following spells:

 Spells                   Type           Power      Damage    Failure   Level
 Lightning Bolt           Conj/Air       12%        1d26      13%         5
 Airstrike                Air            3%         2d(1-17)  21%         4
 Summon Lightning Spire   Summ/Air       7%         N/A       63%         4
 Malign Gateway           Summ/Tloc      7%         N/A       100%        7
 Summon Horrible Things   Summ           3%         N/A       100%        8


Dungeon Overview and Level Annotations

Branches:
Dungeon (9/15)             Temple (1/1) D:7             Orc (2/2) D:9
    Elf (0/3) Orc:2       Volcano (1/1)
   Lair: D:8-11

Altars:
Ashenzari
Cheibriados
Dithmenos
Elyvilon
Fedhas
Gozag
Hepliaklqana
Kikubaaqudgha
Makhleb
Nemelex Xobeh
Qazlal
Ru
Sif Muna
Trog
Uskayaw
Vehumet
Wu Jian
Yredelemnul
Zin
The Shining One

Shops:
D:4 =


Innate Abilities, Weirdness & Mutations

You are immune to sickness and miasma.
Your stone body is resilient. (AC +8)
You are immune to poison.
You resist negative energy. (rN+)
You are resistant to electric shocks. (rElec)
You are resistant to unholy torment.
You are immune to petrification.


Message History

The fire elemental barely misses you.
You are too injured to fight recklessly!
You are too injured to fight recklessly!
You are too injured to fight recklessly!
You are too injured to fight recklessly!
You are too injured to fight recklessly!
You are too injured to fight recklessly!
You are too injured to fight recklessly!
You are too injured to fight recklessly!
There is an open door here.
The fire elemental hits you. The fire elemental burns you!
The fire burns you terribly!
* * * LOW HITPOINT WARNING * * *
You feel much better. The fire elemental hits you.
The fire elemental burns you! The fire burns you terribly!
You hit the fire elemental.
The fire elemental is lightly damaged.
The fire elemental hits you. The fire elemental burns you!
The fire burns you terribly!
You hit the fire elemental.
The fire elemental is moderately damaged.
The fire elemental hits you. The fire elemental burns you!
The fire burns you terribly!
* * * LOW HITPOINT WARNING * * *
You feel much better. The fire elemental hits you.
The fire elemental burns you! The fire burns you terribly!
* * * LOW HITPOINT WARNING * * *
A red film seems to cover your vision as you go berserk!
You feel yourself moving faster!
You feel mighty! The fire elemental closely misses you.
The fire elemental hits you.
* * * LOW HITPOINT WARNING * * *
The fire elemental burns you! The fire burns you terribly!
* * * LOW HITPOINT WARNING * * *
You closely miss the fire elemental.
The fire elemental is moderately damaged.
You puncture the fire elemental!
The fire elemental is heavily damaged.
The fire elemental hits you. The fire elemental burns you!
The fire burns you terribly!
You die...

#. #.....###§§§ #.
#..≈. #.### ###
#h.. #..∩# #..
+..####..∩# #..
####÷.'.### #..
###.....###≈≈≈
#'###.....###≈≈≈≈##
#.)h#...###≈≈§≈###
#.≈EE@###§≈≈≈###
#.).###≈≈§≈###
#.###≈≈§≈###
###≈≈§§### #≈≈≈≈###
≈ ≈## ###


You could see 2 fire elementals and a hell hound.

Vanquished Creatures
  Harold (Orc:1)
  Erica (Orc:1)
  2 orc high priests (Orc:1)
  Pikel (D:4)
  4 deep elf pyromancers (Volcano)
  An orange demon (D:9)
  A red devil (D:9)
  2 trolls (D:9)
  Grinder (D:3)
  A shadow (D:9)
  Sigmund (D:3)
  A vampire (D:9)
  A fire elemental (Volcano)
  Eustachio (D:4)
  4 yaks (D:9)
  A steam dragon (D:8)
  A neqoxec (D:9)
  2 wargs
  3 hell hounds (Volcano)
  3 ice beasts
  7 orc warriors
  A black bear (D:6)
  2 ogres
  3 centaurs
  4 phantoms
  A lemure (D:4)
  2 kobold brigands (D:8)
  2 gnoll sergeants
  A necrophage (D:5)
  3 wights (D:9)
  A troll zombie (D:9)
  A howler monkey (D:6)
  3 quasits (D:9)
  4 hounds
  4 jellies
  7 orc priests
  4 iguanas
  Ijyb (D:3)
  12 orc wizards
  7 ogre zombies (D:9)
  9 adders
  14 gnolls
  A shadow imp (D:8)
  2 white imps
  2 ufetubi
  3 worms (D:2)
  2 dart slugs
  35 orcs
  8 ball pythons
  5 endoplasms
  2 giant cockroaches
  6 goblins
  4 hobgoblins
  3 quokkas
  6 bats
  A frilled lizard (D:2)
  A goblin skeleton (D:9)
  2 goblin zombies (D:9)
  3 hobgoblin skeletons (D:9)
  2 hobgoblin zombies (D:9)
  18 kobolds
  3 orc skeletons (D:9)
  10 orc zombies (D:9)
  8 rats
253 creatures vanquished.

Vanquished Creatures (others)
  A wizard (D:5)
  2 demonic plants (D:9)
3 creatures vanquished.

Grand Total: 256 creatures vanquished

Notes
Turn   | Place    | Note
-------+----------+-------------------------------------------
     0 | D:1      | hikkokomori the Gargoyle Reaver began the quest for the
                  | Orb.
     0 | D:1      | Reached XP level 1. HP: 12/12 MP: 3/3
   256 | D:1      | Reached XP level 2. HP: 16/18 MP: 5/5
   663 | D:1      | Reached skill level 1 in Stealth
   739 | D:1      | Found a faded altar of an unknown god.
   768 | D:1      | Reached XP level 3. HP: 20/22 MP: 6/6
   784 | D:1      | Learned a level 2 spell: Momentum Strike
  1139 | D:2      | Reached XP level 4. HP: 24/27 MP: 7/7
  1168 | D:2      | Reached skill level 1 in Translocations
  1467 | D:3      | Noticed Ijyb
  1477 | D:3      | Killed Ijyb
  1577 | D:3      | Noticed Grinder
  1598 | D:3      | Killed Grinder
  1599 | D:3      | Reached XP level 5. HP: 8/31 MP: 6/8
  1599 | D:3      | Reached XP level 6. HP: 9/36 MP: 6/9
  1730 | D:3      | Reached skill level 5 in Conjurations
  1890 | D:3      | Noticed Sigmund
  1893 | D:3      | Killed Sigmund
  1894 | D:3      | Reached skill level 3 in Fighting
  1894 | D:3      | Reached XP level 7. HP: 41/41 MP: 7/10
  2548 | D:4      | Found Wehu Hod's One-of-a-Kind Rings.
  2566 | D:4      | Noticed Pikel
  2592 | D:4      | Killed Pikel
  2593 | D:4      | Reached skill level 4 in Fighting
  2593 | D:4      | Reached skill level 5 in Stealth
  2593 | D:4      | Reached XP level 8. HP: 38/48 MP: 6/11
  2610 | D:4      | Learned a level 3 spell: Hailstorm
  2878 | D:4      | Noticed Eustachio
  2902 | D:4      | Killed Eustachio
  2903 | D:4      | Reached skill level 1 in Ice Magic
  3412 | D:5      | Entered Level 5 of the Dungeon
  3883 | D:5      | Reached skill level 5 in Maces & Flails
  4130 | D:5      | Reached skill level 5 in Fighting
  4419 | D:5      | Found a bloodstained altar of Trog.
  4421 | D:5      | Noticed a wizard
  4426 | D:5      | Killed a wizard
  4572 | D:5      | Reached XP level 9. HP: 29/54 MP: 12/12
  5456 | D:6      | Identified the +8 spear of Compulsion {elec, rPois rF- rN+
                  | Will+}
  5705 | D:6      | Identified a scroll of acquirement
  5705 | D:6      | Acquired 635 gold pieces
  5783 | D:4      | Bought the ring of Micilohimu {Ice Fly rElec Str-2 Int+5}
                  | for 616 gold pieces
  6007 | D:7      | Found a radiant altar of Vehumet.
  6081 | D:7      | Found a staircase to the Ecumenical Temple.
  6090 | Temple   | Entered the Ecumenical Temple
  6090 | Temple   | Found a transporter.
  6090 | Temple   | Found a transporter.
  6092 | Temple   | Found a transporter.
  6092 | Temple   | Found a transporter.
  6209 | D:7      | Became a worshipper of Vehumet
  6355 | D:7      | Reached skill level 6 in Fighting
  6450 | D:7      | Reached skill level 1 in Polearms
  7048 | D:7      | Reached * piety under Vehumet
  7048 | D:7      | Offered knowledge of Sandblast by Vehumet.
  7051 | D:7      | Learned a level 1 spell: Sandblast
  7359 | D:8      | Reached XP level 10. HP: 52/61 MP: 1/14
  7794 | D:8      | Found a broken altar of Ashenzari.
  8190 | D:9      | Noticed an orange demon
  8195 | D:9      | Reached skill level 1 in Evocations
  8219 | D:9      | Killed an orange demon
  8220 | D:9      | Reached skill level 7 in Fighting
  8220 | D:9      | Reached skill level 5 in Ice Magic
  8353 | D:9      | Offered knowledge of Poisonous Vapours by Vehumet.
  8361 | D:9      | Reached ** piety under Vehumet
  8394 | D:9      | Noticed a sun demon
  8714 | D:9      | Found a staircase to the Orcish Mines.
  8816 | D:9      | Offered knowledge of Mephitic Cloud by Vehumet.
  8821 | D:9      | Learned a level 3 spell: Mephitic Cloud
  8865 | Orc:1    | Entered Level 1 of the Orcish Mines
  8865 | Orc:1    | Noticed Erica
  8873 | Orc:1    | Killed Erica
  8874 | Orc:1    | Reached skill level 8 in Fighting
  8874 | Orc:1    | Reached XP level 11. HP: 59/68 MP: 6/18
  8878 | Orc:1    | Noticed an orc high priest
  8998 | Orc:1    | Reached skill level 5 in Spellcasting
  9001 | Orc:1    | Killed an orc high priest
  9183 | Orc:1    | Noticed Harold
  9198 | Orc:1    | Killed Harold
  9434 | Orc:1    | Noticed an orc high priest
  9439 | Orc:1    | Killed an orc high priest
  9442 | Orc:1    | Reached *** piety under Vehumet
  9691 | Orc:2    | Entered Level 2 of the Orcish Mines
  9714 | Orc:2    | Found a dark tunnel.
  9723 | Volcano  | Entered a volcano
  9731 | Volcano  | Reached skill level 5 in Polearms
  9759 | Volcano  | Noticed a deep elf pyromancer
  9760 | Volcano  | Noticed a deep elf pyromancer
  9764 | Volcano  | Noticed a deep elf pyromancer
  9770 | Volcano  | Killed a deep elf pyromancer
  9958 | Volcano  | Noticed a deep elf pyromancer
  9961 | Volcano  | Killed a deep elf pyromancer
  9964 | Volcano  | Killed a deep elf pyromancer
  9972 | Volcano  | Killed a deep elf pyromancer
  9973 | Volcano  | Reached skill level 9 in Fighting
  9982 | Volcano  | Slain by a fire elemental

Illustrated notes

Levels and vault maps discovered:
D:1:      dpeg_arrival_water_temple_mockup, layout_loops_ring,
          dilly_ecumenical_altar_fadedgnrine, chequers_serial_rivers_micro_b
D:2:      layout_loops_ring, minmay_pentomino_pile
D:3:      layout_basic, uniq_sigmund, uniq_ijyb, uniq_grinder
D:4:      layout_gridville, nicolae_shop_unique_rings, minmay_crystal_water,
          hangedman_decor_clover_reticule, uniq_eustachio, uniq_pikel
D:5:      layout_basic, trog_wizard
D:6:      layout_basic
D:7:      layout_basic, fiery_altar_vehumet, minmay_temple_entry_junction,
          grunt_ministairs_15, patterned_corridor
D:8:      layout_loops_ring, ashenzari_altar_1
D:9:      layout_basic, old_standard_altar, zombieorc2_lemuel, serial_demonic,
          serial_demonic_f, serial_demonic_f, serial_demonic_e,
          serial_demonic_e, st_stairs_1
Temple:   hellmonk_temple_divided_pantheon
Orc:1:    layout_caves, basic_altar, uniq_erica, uniq_harold
Orc:2:    grunt_orc_cross, layout_caves, lightli_volcano_entry_magma_tube
Volcano:  hellmonk_pyromancer_palace

Skill      XL: |  1  2  3  4  5  6  7  8  9 10 11 |
---------------+----------------------------------+-----
Stealth        | 1 3 4 5 6 7 8 |  8.0
Translocations | 2 |  2.9
Conjurations   | 4 5 6 7 |  7.5
Fighting       | 3 4 5 6 8 9 |  9.0
Maces & Flails | 4 5 |  5.8
Ice Magic      | 2 4 6 7 |  7.1
Polearms       | 2 4 5 |  5.4
Spellcasting   | 3 4 5 |  5.9
Evocations     | 3 4 |  4.7
Armour         | |  0.9
Dodging        | |  1.6

Action                     |  1- 3 |  4- 6 |  7- 9 | 10-12 || total
---------------------------+-------+-------+-------+-------++-------
  Melee: Mace              |   129 |    68 |    31 |       ||   228
         Whip              |       |       |   230 |       ||   230
         Punch             |       |       |     5 |     1 ||     6
         Spear             |       |       |    64 |   257 ||   321
         Flail             |       |       |    16 |       ||    16
  Throw: Throwing net      |       |       |     1 |       ||     1
   Cast: Momentum Strike   |       |     4 |    15 |    10 ||    29
         Hailstorm         |       |       |    16 |    42 ||    58
         Mephitic Cloud    |       |       |       |     1 ||     1
  Evoke: Wand              |       |    12 |    11 |    11 ||    34
    Use: Scroll            |       |     6 |    11 |     3 ||    20
         Potion            |       |     1 |     1 |     6 ||     8
   Stab: Sleeping          |     1 |     1 |    14 |     1 ||    17
 Armour: Leather armour    |    59 |    26 |   148 |    18 ||   251
         Steam dragon scal |       |       |       |   107 ||   107
  Dodge: Dodged            |    77 |    41 |   168 |   136 ||   422

Table legend: (Time is in decaauts)
 A = Elapsed time spent in this place.
 B = Non-inter-level travel time spent in this place.
 C = Inter-level travel time spent in this place.
 D = Time resting spent in this place.
 E = Time spent auto-exploring this place.
 F = Levels seen in this place.
 G = Mean time per level.
                   A        B        C        D        E       F      G
               +--------+--------+--------+--------+--------+-----+--------+
         Total |   9977 |   9518 |    459 |   1134 |   6244 |  13 |  767.5 |
       Dungeon |   8956 |   8497 |    459 |    682 |   5916 |   9 |  995.1 |
        Temple |     44 |     44 |      0 |      0 |      1 |   1 |   44.0 |
  Orcish Mines |    720 |    720 |      0 |    252 |    327 |   2 |  360.0 |
       Volcano |    255 |    255 |      0 |    199 |      0 |   1 |  255.0 |
               +--------+--------+--------+--------+--------+-----+--------+

Top non-repeatable levels by time:
     D:5: 1615 daAuts
     D:7: 1261 daAuts
     D:4: 992 daAuts
     D:2: 971 daAuts
     D:8: 890 daAuts
     D:6: 821 daAuts
     D:1: 821 daAuts
     D:3: 809 daAuts
     D:9: 773 daAuts
   Orc:1: 688 daAuts
 Volcano: 255 daAuts
  Temple: 44 daAuts
   Orc:2: 31 daAuts
